 Dungeon Crawl Stone Soup version 0.28.0-49-g6dfe1f597d (webtiles) character file.

Game seed: 1271485590795194835

3759 Zeld the Fighter (level 9, 0/80 HPs)
             Began as a Palentonga Fighter on May 19, 2022.
             Was a Priest of Uskayaw.
             Slain by an ice beast (1 damage)
             ... on level 8 of the Dungeon.
             The game lasted 00:05:57 (10915 turns).

Zeld the Fighter (Palentonga Fighter)              Turns: 10915, Time: 00:05:58

Health: 0/80       AC: 14    Str: 23    XL:     9   Next: 94%
Magic:  9/9        EV:  9    Int:  9    God:    Uskayaw [***...]
Gold:   194        SH:  5    Dex: 10    Spells: 8/8 levels left

rFire   . . .      SeeInvis +   a - +2 war axe (flame)
rCold   . . .      Faith    .   q - +0 buckler
rNeg    . . .      Spirit   .   b - +0 scale mail
rPois   .          Reflect  .   (no helmet)
rElec   .          Harm     .   o - +0 cloak
rCorr   .          Rampage  .   (no gloves)
Will    .....                   (no barding)
Stlth   ..........              (no amulet)
HPRegen 0.23/turn               (no ring)
MPRegen 0.11/turn               (no ring)

@: curled up
A: large, rugged brown scales 3, see invisible, deformed body, roll 1, armoured
tail, reflexive curl
a: Rolling Charge, Renounce Religion, Stomp, Line Pass


You were on level 8 of the Dungeon.
You worshipped Uskayaw.
Uskayaw was noncommittal.
You visited 2 branches of the dungeon, and saw 10 of its levels.

You collected 579 gold pieces.
You spent 385 gold pieces at shops.

Inventory:

Hand Weapons
 a - a +2 war axe of flaming (weapon)
Armour
 b - a +0 scale mail (worn)
 o - a +0 cloak (worn)
 q - a +0 buckler (worn)
Jewellery
 l - a ring of protection from cold
Wands
 d - a wand of flame (2)
 w - a wand of iceblast (14)
 C - a wand of paralysis (9)
Scrolls
 e - 9 scrolls of identify {unknown}
 f - a scroll of vulnerability {unknown}
 g - 2 scrolls of teleportation {unknown}
 h - a scroll of magic mapping {unknown}
 j - 2 scrolls of enchant weapon {unknown}
 k - 2 scrolls of holy word {unknown}
 m - 2 scrolls of enchant armour {unknown}
 p - a scroll of fear {unknown}
 r - a scroll of immolation {unknown}
 y - 2 scrolls of silence {unknown}
 B - a scroll of blinking {unknown}
Potions
 c - 3 potions of lignification {unknown}
 i - 6 potions of curing
 n - a potion of magic {unknown}
 s - a potion of mutation {unknown}
 t - 2 potions of flight
 u - 2 potions of ambrosia {unknown}
 v - a potion of degeneration {unknown}
 x - a potion of might
 z - 2 potions of brilliance
 A - a potion of heal wounds {unknown}
 D - a potion of haste


   Skills:
 * Level 8.9 Fighting
 * Level 8.5 Axes
 - Level 2.4 Armour
 + Level 4.7 Dodging
 + Level 5.3 Shields


You had 8 spell levels left.
You didn't know any spells.
Your spell library was empty.

Dungeon Overview and Level Annotations

Branches:
Dungeon (9/15)             Temple (1/1) D:7
   Lair: D:8-11         Orc: D:9-12

Altars:
Ashenzari
Cheibriados
Dithmenos
Elyvilon
Fedhas
Gozag
Hepliaklqana
Kikubaaqudgha
Makhleb
Nemelex Xobeh
Okawaru
Ru
Sif Muna
Trog
Uskayaw
Vehumet
Wu Jian
Xom
Zin
The Shining One

Shops:
D:4 (   D:6 !

Annotations:
D:5 3 runed translucent doors, Zeld's ghost, novice DEFE


Innate Abilities, Weirdness & Mutations

You are completely covered in rugged brown scales. (AC +3, +7% HP)
You have supernaturally acute eyesight. (SInv)
Armour fits poorly on your strangely shaped body.
You can roll at nearby foes to attack.
You have a long armoured tail.
You curl defensively after being hit. (AC +7*)


Message History

You closely miss the wyvern.
The wyvern is heavily wounded.
The wyvern bites you.
You hit the wyvern. You burn the wyvern.
The wyvern is severely wounded.
You barely miss the ice beast. You closely miss the shadow imp.
The wyvern bites you! You block the ice beast's attack.
The shadow imp gestures at you. Pain shoots through your body!
The wyvern barely misses you.
You can now pass through a line of other dancers.
You closely miss the wyvern.
The wyvern is severely wounded.
You hit the ice beast but do no damage. You hit the shadow imp.
You burn the shadow imp. The wyvern bites you!
The ice beast hits you but does no damage.
You block the shadow imp's attack. The wyvern closely misses you.
Unknown command.
You hit the wyvern. You burn the wyvern.
The wyvern is almost dead.
You slash the shadow imp! You burn the shadow imp.
You kill the shadow imp!
You hit the ice beast but do no damage. The ice beast hits you.
The ice beast freezes you!
* * * LOW HITPOINT WARNING * * *
The wyvern hisses menacingly.
The wyvern bites you.
* * * LOW HITPOINT WARNING * * *
Unknown command.
You closely miss the wyvern.
The wyvern is almost dead.
You hit the ice beast.
You melt the ice beast.
The wyvern bites you!
* * * LOW HITPOINT WARNING * * *
The ice beast hits you but does no damage.
The wyvern bites you but does no damage.
Uskayaw will force your foes to helplessly watch your dance.
Uskayaw prepares the audience for your solo!
Unknown command.
The wyvern is no longer paralysed.
The ice beast is no longer paralysed.
The ice beast hits you.
You die...

#........#........
#######........#########
................######
...........(.........#
.............###'###.#
.............#.....#.#
.........###.#.....#.####
.............#.._..#..##.
.......l@....#.....#.....
......!Y?....#.....#.###.
#............#######.# #.
#.[..................# #.
##......)............# #.
#........############ #.
#........# #. ..........#
#. #.........#


You could see a wyvern and an ice beast.

Vanquished Creatures
  Sigmund (D:2)
  6 yaks (D:9)
  2 vampire mosquitoes (D:7)
  An orc warrior (D:9)
  3 black bears
  An ogre (D:6)
  A phantom (D:7)
  Blork the orc (D:5)
  A wyvern zombie (D:7)
  2 bullfrogs
  2 scorpions
  A wyvern skeleton (D:7)
  13 wights
  A bullfrog zombie (D:5)
  5 jellies
  4 orc priests
  2 hounds
  2 bullfrog skeletons
  5 iguanas
  8 orc wizards
  2 killer bee zombies
  2 hound zombies (D:5)
  A hound skeleton (D:5)
  2 howler monkey zombies
  6 adders
  4 shadow imps
  2 adder skeletons (D:4)
  6 worms
  A dart slug (D:1)
  17 orcs
  5 endoplasms
  2 giant cockroaches (D:2)
  6 goblins
  7 hobgoblins
  8 jackals
  A quokka (D:1)
  3 ball pythons
  4 bats
  A frilled lizard (D:3)
  12 kobolds
  5 rats
159 creatures vanquished.

Notes
Turn   | Place    | Note
-------+----------+-------------------------------------------
     0 | D:1      | Zeld the Palentonga Fighter began the quest for the Orb.
     0 | D:1      | Reached XP level 1. HP: 19/19 MP: 1/1
   303 | D:1      | Reached XP level 2. HP: 25/25 MP: 2/2
   843 | D:2      | Reached XP level 3. HP: 30/31 MP: 3/3
  1386 | D:2      | Found a faded altar of an unknown god.
  1995 | D:3      | Reached skill level 1 in Dodging
  2060 | D:3      | Reached XP level 4. HP: 39/39 MP: 4/4
  2239 | D:3      | Noticed Sigmund
  2785 | D:2      | Reached XP level 5. HP: 28/44 MP: 5/5
  2788 | D:2      | Killed Sigmund
  2789 | D:2      | Reached XP level 6. HP: 19/52 MP: 6/6
  3511 | D:4      | Reached skill level 5 in Fighting
  3735 | D:4      | Gained mutation: You curl defensively after being hit. (AC
                  | +7*) [Palentonga growth]
  3735 | D:4      | Reached XP level 7. HP: 48/59 MP: 7/7
  4049 | D:4      | Found Tanunom's Weapon Shoppe.
  4389 | D:5      | Entered Level 5 of the Dungeon
  4604 | D:5      | Found an opulent altar of Gozag.
  4792 | D:5      | Reached skill level 5 in Axes
  4957 | D:5      | Found a runed translucent gate.
  4960 | D:5      | Found a runed translucent gate.
  4960 | D:5      | Found a runed translucent gate.
  4961 | D:5      | Found an opulent altar of Gozag.
  4962 | D:5      | Noticed Zeld's ghost (novice DEFE)
  5303 | D:5      | Identified the +5 trident of Kered {freeze, rPois Will+
                  | Str+2 Dex+2}
  5782 | D:5      | Noticed Blork the orc
  5792 | D:5      | Killed Blork the orc
  6059 | D:5      | Reached XP level 8. HP: 22/68 MP: 8/8
  7567 | D:6      | Found a hazy altar of Hepliaklqana.
  7615 | D:6      | Found a shimmering blue altar of Sif Muna.
  7868 | D:6      | Found Mamnoukk's Distillery.
  7884 | D:6      | Bought 2 potions of might for 88 gold pieces
  7884 | D:6      | Bought a potion of curing for 33 gold pieces
  7884 | D:6      | Bought a potion of curing for 33 gold pieces
  7884 | D:6      | Bought a potion of flight for 33 gold pieces
  7884 | D:6      | Bought 2 potions of brilliance for 88 gold pieces
  8192 | D:7      | Reached XP level 9. HP: 56/77 MP: 9/9
  8335 | D:7      | Found a staircase to the Ecumenical Temple.
  8358 | Temple   | Entered the Ecumenical Temple
  8524 | Temple   | Became a worshipper of Uskayaw the Reveller
  8563 | D:7      | Reached * piety under Uskayaw
  8612 | D:7      | Reached ** piety under Uskayaw
  8779 | D:7      | Reached *** piety under Uskayaw
  8780 | D:7      | Reached **** piety under Uskayaw
  9199 | D:7      | Reached skill level 5 in Shields
  9378 | D:6      | Bought a potion of haste for 110 gold pieces
 10461 | D:9      | Reached ***** piety under Uskayaw
 10544 | D:9      | Noticed a two-headed ogre
 10860 | D:8      | Found a white marble altar of Elyvilon.
 10914 | D:8      | HP: 1/80 [wyvern (10)]
 10915 | D:8      | Slain by an ice beast

Illustrated notes

Levels and vault maps discovered:
D:1:      tarquinn_simple_flora_water_a, layout_rooms, grunt_decor_mini_mirrors
D:2:      minmay_alternating_diamond, layout_loops_ring,
          shapermc_ecumenical_altar_acropolis, dk_vineyard_2
D:3:      layout_loops_ring, uniq_sigmund
D:4:      layout_loops_cross, serial_shops, shop
D:5:      layout_basic, grunt_gozag_breadcrumbs, ebering_ghost_gozag,
          hangedman_decor_diamond_cutter, grunt_ministairs_5, uniq_blork_the_orc
D:6:      layout_cave_pools, mainiacjoe_overflow_surrounded_room, tgw_sif,
          serial_shops, nicolae_shop_waterfront
D:7:      layout_rooms, minmay_temple_entry_purple_smoke, minmay_door_square
D:8:      layout_basic, amcnicky_altar_gilded, nicolae_yredelemnul_corpse_copse,
          special_room [special_room_kobold], minivault_19,
          hangedman_abyss_or_decor_clamps, minmay_holes
D:9:      layout_cross
Temple:   lightli_temple_of_artemis

Skill      XL: |  1  2  3  4  5  6  7  8  9 |
---------------+----------------------------+-----
Dodging        | 1 2 3 4 |  4.7
Axes           | 3 4 5 7 8 |  8.5
Fighting       | 4 5 6 7 8 |  8.9
Shields        | 3 4 5 |  5.3
Armour         | |  2.4

Action                   |  1- 3 |  4- 6 |  7- 9 || total
-------------------------+-------+-------+-------++-------
Melee: War axe           |   121 |    76 |   283 ||   480
       Tailslap          |    13 |     7 |    31 ||    51
 Abil: Rolling Charge    |     1 |     1 |     1 ||     3
  Use: Potion            |       |       |     2 ||     2
 Stab: Paralysed         |       |       |     3 ||     3
Armor: Scale mail        |    65 |    49 |   114 ||   228
Dodge: Dodged            |    58 |    25 |   109 ||   192
Block: Buckler           |    24 |    15 |    62 ||   101
